 Dungeon Crawl Stone Soup version 0.28-a0-724-g66f9036eb4 (webtiles) character file.

Game seed: 1015828533744703213

615 AarnesTheHuman the Covered (level 7, -4/59 HPs)
             Began as a Barachi Fighter on Oct 27, 2021.
             Engulfed by a steam dragon's steam (7 damage)
             ... on level 6 of the Dungeon.
             The game lasted 00:05:45 (4484 turns).

AarnesTheHuman the Covered (Barachi Fighter)        Turns: 4484, Time: 00:05:45

Health: -4/59      AC:  9    Str: 20    XL:     7   Next: 45%
Magic:  7/7        EV:  9    Int: 14    God:
Gold:   296        SH:  4    Dex: 11    Spells: 6/6 levels left

rFire   . . .      SeeInvis .   a - +1 demon blade (freeze)
rCold   . . .      Faith    .   c - +0 buckler
rNeg    . . .      Spirit   .   n - +0 scale mail
rPois   .          Reflect  .   s - +0 helmet
rElec   .          Harm     .   (no cloak)
rCorr   .          Rampage  .   (no gloves)
Will    .....                   (no boots)
Stlth   ..........              v - amulet of regeneration
HPRegen 1.19/turn               g - +6 ring of intelligence
MPRegen 0.10/turn               w - ring of flight

@: flying, slow
A: amphibious, slowness 1, strong legs 1, +LOS
a: Hop


You were on level 6 of the Dungeon.
You visited 1 branch of the dungeon, and saw 6 of its levels.

You collected 296 gold pieces.

Inventory:

Hand Weapons
 a - a +1 demon blade of freezing (weapon)
 b - a +0 hunting sling
 e - a +0 long sword
 k - a +3 dagger of flaming
 t - a +0 war axe of electrocution
Missiles
 j - 94 sling bullets
 m - 18 poisoned darts (quivered)
 o - 58 stones
Armour
 c - a +0 buckler (worn)
 n - a +0 scale mail (worn)
 s - a +0 helmet (worn)
Jewellery
 g - a +6 ring of intelligence (left hand)
 v - an amulet of regeneration (around neck)
 w - a ring of flight (right hand)
 z - a ring of fire
Wands
 y - a wand of paralysis (9)
Scrolls
 h - a scroll of identify {unknown}
 i - 3 scrolls of teleportation {unknown}
 x - a scroll of immolation {unknown}
Potions
 d - 2 potions of might
 f - 3 potions of flight {unknown}
 l - 2 potions of degeneration {unknown}
 p - a potion of haste {unknown}
 q - 4 potions of heal wounds {unknown}
 r - a potion of lignification {unknown}
 u - 2 potions of magic {unknown}


   Skills:
 + Level 6.3 Fighting
 + Level 5.6 Long Blades
 + Level 6.3 Armour
 - Level 4.0 Shields


You had 6 spell levels left.
You didn't know any spells.
Your spell library contained the following spells:

 Spells                   Type           Power      Damage    Failure   Level
 Animate Skeleton         Necr           0%         N/A       58%         1
 Pain                     Necr           0%         1d4       58%         1
 Ensorcelled Hibernation  Hex/Ice        0%         N/A       75%         2
 Spider Form              Tmut/Pois      0%         N/A       92%         3
 Vampiric Draining        Necr           0%         2d6       92%         3


Dungeon Overview and Level Annotations

Branches:
Dungeon (6/15)
 Temple: D:4-7

Altars:
Gozag
Makhleb

Annotations:
D:6 Menkaure


Innate Abilities, Weirdness & Mutations

You are amphibious.
You cover ground slowly.
You can hop short distances.
You have an extended range of vision and can be seen from far away.


Message History

Fire: 97 sling bullets
Press: ? - help, Q - select action, (/) - cycle Shift-Dir - straight line, f/p - steam dragon
Aim: a steam dragon (moderately wounded, 59% to hit)
You shoot a sling bullet. The sling bullet hits the steam dragon.
The steam dragon is moderately wounded.
The steam dragon breathes steam at you. The ball of steam hits you!
Fire: 96 sling bullets
Press: ? - help, Q - select action, (/) - cycle Shift-Dir - straight line, f - you
Okay, then.
You are engulfed in a cloud of scalding steam.
Fire: 96 sling bullets
Press: ? - help, Q - select action, (/) - cycle Shift-Dir - straight line, f/p - steam dragon
Aim: a steam dragon (moderately wounded, 59% to hit)
You shoot a sling bullet. The sling bullet hits the steam dragon.
The steam dragon is moderately wounded.
You are engulfed in a cloud of scalding steam.
Fire: 95 sling bullets
Press: ? - help, Q - select action, (/) - cycle Shift-Dir - straight line, f/p - steam dragon
Aim: a steam dragon (moderately wounded, 59% to hit)
You shoot a sling bullet.
The sling bullet hits the steam dragon but does no damage.
The steam dragon is moderately wounded.
You are engulfed in a cloud of scalding steam.
Your +1 demon blade of freezing glows with a cold blue light!
a - a +1 demon blade of freezing (weapon)
The steam dragon breathes steam at you. The ball of steam hits you!!
* * * LOW HITPOINT WARNING * * *
You closely miss the steam dragon.
The steam dragon is moderately wounded.
You are engulfed in a cloud of scalding steam.
* * * LOW HITPOINT WARNING * * *
The steam dragon bites you but does no damage.
The steam dragon claws you.
* * * LOW HITPOINT WARNING * * *
You hit the steam dragon. You freeze the steam dragon.
The steam dragon is heavily wounded.
You are engulfed in a cloud of scalding steam.
You die...

.(###
.....###........
.(#.###.....#
.....#####
.(..#.....####..<.#
#(...............#
#....##...)...
#####.>(.##.....##
#.......(........#
#........D......###
#....#....@.......#
##.# ###...§####..#
# #......§# ..##
##..#...####..#
#####...#....#
##.......#
###.....# #.....#
###....#


You could see a steam dragon.

Vanquished Creatures
  An ogre (D:4)
  2 scorpions (D:5)
  A water moccasin skeleton (D:4)
  A bullfrog zombie (D:5)
  3 hounds
  A bullfrog skeleton (D:6)
  A centaur skeleton (D:5)
  2 iguanas
  A hound skeleton (D:4)
  2 adders
  A shadow imp (D:6)
  A white imp (D:5)
  An ufetubus (D:5)
  A worm (D:2)
  4 dart slugs
  2 orcs
  5 ball pythons
  4 endoplasms
  5 giant cockroaches
  8 goblins
  4 hobgoblins
  A quokka (D:1)
  6 bats
  5 frilled lizards
  6 kobolds
  10 rats
79 creatures vanquished.

Vanquished Creatures (collateral kills)
  A giant cockroach (D:4)
1 creature vanquished.

Grand Total: 80 creatures vanquished

Notes
Turn   | Place    | Note
-------+----------+-------------------------------------------
     0 | D:1      | AarnesTheHuman the Barachi Fighter began the quest for the
                  | Orb.
     0 | D:1      | Reached XP level 1. HP: 18/18 MP: 1/1
   174 | D:1      | Found a faded altar of an unknown god.
   256 | D:1      | Reached XP level 2. HP: 25/25 MP: 2/2
   728 | D:1      | Reached XP level 3. HP: 30/30 MP: 3/3
  2368 | D:3      | Reached XP level 4. HP: 34/37 MP: 4/4
  2888 | D:4      | Noticed an ogre
  2893 | D:4      | Killed an ogre
  2894 | D:4      | Reached XP level 5. HP: 9/43 MP: 5/5
  3137 | D:4      | Reached skill level 5 in Fighting
  3137 | D:4      | Reached skill level 5 in Armour
  3160 | D:4      | Identified a scroll of acquirement
  3160 | D:4      | Acquired a +1 demon blade of freezing
  3170 | D:4      | Reached XP level 6. HP: 51/51 MP: 6/6
  3249 | D:4      | Found an opulent altar of Gozag.
  3767 | D:5      | Entered Level 5 of the Dungeon
  3916 | D:5      | Reached skill level 5 in Long Blades
  4015 | D:5      | Found a burning altar of Makhleb.
  4040 | D:5      | Reached XP level 7. HP: 57/57 MP: 7/7
  4394 | D:6      | Noticed Menkaure
  4474 | D:6      | Noticed a steam dragon
  4484 | D:6      | Engulfed by a steam dragon's steam

Illustrated notes

Levels and vault maps discovered:
D:1:      doesnt_arrival_eight_statues, layout_basic,
          ebering_ecumenical_altar_mist
D:2:      layout_loops_corners, minmay_misc_feat_four_crosses,
          kennysheep_path_1, chequers_arboretum, item_on_display_a
D:3:      layout_loops_ring
D:4:      layout_rooms, grunt_gozag_breadcrumbs, bh_walls_and_bars
D:5:      layout_basic, makhleb_heckhound_becter, minmay_misc_feat_more_columns
D:6:      cheibrodos_steamvent, layout_cave_pools,
          nicolae_tso_swordbearing_angel, minmay_temple_entry_fiery,
          uniq_menkaure

Skill      XL: |  1  2  3  4  5  6  7 |
---------------+----------------------+-----
Armour         | 4 5 6 |  6.3
Fighting       | 4 5 6 |  6.3
Long Blades    | 3 4 5 |  5.6
Shields        | 4 |  4.0

Action                   |  1- 3 |  4- 6 |  7- 9 || total
-------------------------+-------+-------+-------++-------
Melee: Long sword        |   111 |    48 |       ||   159
       Demon blade       |       |    64 |    23 ||    87
 Fire: Hunting sling     |       |       |     6 ||     6
  Use: Potion            |       |     1 |       ||     1
       Scroll            |       |     6 |       ||     6
Armor: Scale mail        |    60 |    60 |    11 ||   131
Dodge: Dodged            |    64 |    49 |    14 ||   127
Block: Buckler           |    25 |    26 |     1 ||    52

Table legend: (Time is in decaauts)
 A = Elapsed time spent in this place.
 B = Non-inter-level travel time spent in this place.
 C = Inter-level travel time spent in this place.
 D = Time resting spent in this place.
 E = Time spent auto-exploring this place.
 F = Levels seen in this place.
 G = Mean time per level.
                   A        B        C        D        E       F      G
               +--------+--------+--------+--------+--------+-----+--------+
         Total |   5151 |   4860 |    291 |    232 |   3817 |   6 |  858.5 |
       Dungeon |   5151 |   4860 |    291 |    232 |   3817 |   6 |  858.5 |
               +--------+--------+--------+--------+--------+-----+--------+

Top non-repeatable levels by time:
     D:2: 1386 daAuts
     D:3: 1131 daAuts
     D:1: 1014 daAuts
     D:4: 781 daAuts
     D:5: 742 daAuts
     D:6: 94 daAuts
